 Dungeon Crawl Stone Soup version 0.27.1 (webtiles) character file.

Game seed: 5610763328436121299

59891 ABBCCCDDDD the Transmogrifier (level 14, -11/94 HPs)
             Began as an Octopode Delver on Sept 3, 2021.
             Was an Initiate of Gozag.
             Shot with a bolt by a tengu warrior (33 damage)
             ... on level 14 of the Dungeon.
             The game lasted 01:26:42 (36341 turns).

ABBCCCDDDD the Transmogrifier (Octopode Delver)    Turns: 36341, Time: 01:26:43

Health: -11/94     AC:  5    Str: 18    XL:     14   Next: 97%
Magic:  10/41      EV: 13    Int: 16    God:    Gozag
Gold:   5274       SH: 13    Dex: 20    Spells: 7/25 levels left

rFire    . . .     SeeInvis +     - Unarmed
rCold    . . .     Faith    .   f - +2 buckler "Nylaiza" {Drain Dex+6}
rNeg     + + .     Spirit   .   X - +0 hat {SInv}
rPois    +         Reflect  +   H - amulet of reflection
rElec    .         Harm     .   y - +4 ring of protection
rCorr    .         Rampage  .   A - ring of magical power
Will     +....                  B - ring of positive energy
Stlth    +++++.....             j - ring of poison resistance
HPRegen  0.25/turn              o - ring of positive energy
MPRegen  0.27/turn              N - ring of magical power
                                T - +6 ring of strength
                                (no ring)

@: unable to read, gold aura, very slightly contaminated, studying Maces &
Flails
A: almost no armour, amphibious, 8 rings, camouflage 1, gelatinous body 1,
(nimble swimmer 1), tentacles, inability to read while threatened
a: Renounce Religion, Potion Petition, Call Merchant, Bribe Branch


You were on level 14 of the Dungeon.
You worshipped Gozag.
Gozag was greatly pleased with you.
You visited 4 branches of the dungeon, and saw 23 of its levels.

You collected 7360 gold pieces.
You spent 1321 gold pieces at shops.
You paid 765 gold pieces to Gozag.

Inventory:

Hand Weapons
 a - a +5 vorpal fustibalus
 J - a +5 spear
Missiles
 h - 198 stones (quivered)
 u - 151 sling bullets
 z - 2 throwing nets
 G - 5 curare-tipped darts
 M - 60 poisoned darts
Armour
 f - the +2 buckler "Nylaiza" (worn) {Drain Dex+6}
   (You acquired it on level 11 of the Dungeon)

   Dex:       It affects your dexterity (+6).
   Drain:     It drains your maximum health when unequipped.
 X - a +0 hat of see invisible (worn)
Jewellery
 j - a ring of poison resistance (on tentacle)
 o - a ring of positive energy (on tentacle)
 y - a +4 ring of protection (left tentacle)
 A - a ring of magical power (right tentacle)
 B - a ring of positive energy (on tentacle)
 H - an amulet of reflection (around mantle)
 N - a ring of magical power (on tentacle)
 T - a +6 ring of strength (on tentacle)
Wands
 d - a wand of polymorph (5)
 e - a wand of digging (2)
 s - a wand of flame (53)
 R - a wand of charming (16)
Scrolls
 b - 4 scrolls of magic mapping
 g - a scroll of immolation
 i - a scroll of blinking
 l - 4 scrolls of vulnerability
 m - 2 scrolls of fog
 n - a scroll of enchant armour
 w - 2 scrolls of amnesia
 D - a scroll of torment
 E - 10 scrolls of teleportation
 Q - a scroll of enchant weapon
 U - a scroll of brand weapon
 V - a scroll of fear
 Y - a scroll of silence {unknown}
Potions
 c - a potion of resistance
 k - 5 potions of might
 p - 3 potions of lignification
 q - 2 potions of ambrosia
 r - 2 potions of magic
 t - 2 potions of mutation {unknown}
 v - 3 potions of degeneration {unknown}
 x - 4 potions of cancellation {unknown}
 C - 2 potions of flight {unknown}
 F - a potion of experience {unknown}
 I - a potion of invisibility {unknown}
 K - 5 potions of brilliance
 L - 5 potions of curing
 P - a potion of berserk rage
 S - 3 potions of attraction {unknown}
 W - a potion of heal wounds
Miscellaneous
 O - a phantom mirror (inert)


   Skills:
 - Level 8.0 Fighting
 - Level 10.0 Slings
 - Level 2.0 Dodging
 - Level 6.6 Stealth
 - Level 4.0 Shields
 - Level 5.0 Unarmed Combat
 - Level 6.0 Spellcasting
 - Level 9.4 Conjurations
 - Level 2.0 Translocations
 + Level 11.4 Transmutations
 - Level 8.3 Fire Magic
 - Level 2.0 Air Magic
 + Level 10.0 Earth Magic
 - Level 7.0 Poison Magic
 - Level 5.0 Evocations


You had 7 spell levels left.
You knew the following spells:

 Your Spells              Type           Power      Damage    Failure   Level
a - Blink                 Tloc           N/A        N/A       9%          2
b - Foxfire               Conj/Fire      100%       2x1d9     1%          1
c - Mephitic Cloud        Conj/Pois/Air  24%        N/A       3%          3
d - Apportation           Tloc           22%        N/A       6%          1
e - Irradiate             Conj/Tmut      19%        3d19      5%          5
f - Statue Form           Tmut/Erth      26%        N/A       26%         6

Your spell library contained the following spells:

 Spells                   Type           Power      Damage    Failure   Level
 Magic Dart               Conj           100%       1d8       1%          1
 Searing Ray              Conj           70%        3d5       1%          2
 Petrify                  Tmut/Erth      39%        N/A       1%          4
 Blade Hands              Tmut           20%        N/A       3%          5
 Alistair's Intoxication  Tmut/Pois      22%        N/A       9%          5
 Animate Skeleton         Necr           8%         N/A       14%         1
 Pain                     Necr           16%        1d4       14%         1
 Lesser Beckoning         Tloc           5%         N/A       19%         3
 Call Imp                 Summ           4%         N/A       21%         2
 Fulminant Prism          Conj/Hex       9%         3d7       21%         4
 Vampiric Draining        Necr           2%         2d6       38%         3
 Passage of Golubria      Tloc           N/A        N/A       52%         4
 Dragon Form              Tmut           20%        N/A       71%         7
 Manifold Assault         Tloc           11%        N/A       86%         5
 Metabolic Englaciation   Hex/Ice        2%         N/A       98%         5
 Invisibility             Hex            2%         N/A       100%        6
 Borgnjor's Revivificati  Necr           2%         N/A       100%        8
 Necromutation            Tmut/Necr      11%        N/A       100%        8
 Death's Door             Necr           2%         N/A       100%        9
 Fire Storm               Conj/Fire      16%        8d4       100%        9


Dungeon Overview and Level Annotations

Branches:
Dungeon (14/15)            Temple (1/1) D:5            Lair (6/6) D:11
  Swamp (0/4) Lair:2       Spider (0/4) Lair:2        Slime (0/5) Lair:5
    Orc (2/2) D:10            Elf (0/3) Orc:2
 Vaults: D:13-14

Altars:
Ashenzari
Cheibriados
Elyvilon
Fedhas
Gozag
Hepliaklqana
Makhleb
Qazlal
Trog
Xom
Zin
Beogh

Shops:
D:3 (   D:5 [   Orc:1 (   Orc:2 *[[[*

Annotations:
D:8 2 transporters, funkygono's ghost, novice TrFi
D:11 1 runed translucent door, exclusion: boulder beetle
D:12 3 runed translucent doors, Biwio's ghost, journeyman DjCj; YannSP's ghost, adept FoFi
D:13 Dunulur's ghost, journeyman MiFi; Ined's ghost, journeyman MiBe; Iplucs's ghost, journeyman FeBe; Kiokkeho's ghost, journeyman TrMo; Liimbo's ghost, journeyman FoWn; Maxmaps's ghost, adept FoSk; Vext's ghost, journeyman SpEn
Lair:4 2 runed translucent doors, exclusion: oklob plant, HunfridMar's ghost, journeyman DECj
Lair:6 Rupert


Innate Abilities, Weirdness & Mutations

You cannot wear most types of armour.
You are amphibious.
You can wear up to eight rings at the same time.
Your skin changes colour to match your surroundings (Stealth+).
Your rubbery body absorbs attacks. (AC +1, EV +1)
((You are camouflaged near water. (Stealth+)))
You have tentacles for arms and can constrict up to eight enemies at once.
You sometimes lose the ability to read scrolls when taking damage.


Message History

Unknown command.
Aiming: Dig
Press: ? - help, Shift-Dir - straight line, p - tengu warrior A rock wall.
Okay, then.
Unknown command.
Casting: Blink (safe; 9% risk of failure)
Confirm with . or Enter, or press ? or * to list all spells.
Okay, then.
Unknown command.
You cannot read scrolls in your current state!
Unknown command.
Okay, then.
Okay, then.
You block the fire elemental's attack.
Casting: Blink (safe; 9% risk of failure)
Confirm with . or Enter, or press ? or * to list all spells.
You miscast Blink.
Nothing appears to happen.
The deep elf pyromancer is engulfed in blazing flames.
The fire elemental hits you. The fire elemental burns you!
* * * LOW HITPOINT WARNING * * *
You block the fire elemental's attack. x2
The deep elf pyromancer is engulfed in blazing flames.
Casting: Blink (safe; 9% risk of failure)
Confirm with . or Enter, or press ? or * to list all spells.
You blink.
The deep elf pyromancer is engulfed in blazing flames.
The deep elf pyromancer dies!
The fire elemental disappears in a puff of smoke! x2
The four-headed hydra is engulfed in blazing flames.
Okay, then.
You revert to your normal fleshy form.
The four-headed hydra is engulfed in blazing flames.
There is an open door here.
You close the door.
The sentinel's mark upon you fades away.
A tengu warrior opens the door.
The tengu warrior shoots a bolt.
The bolt hits you!!
You die...
Your body crumbles into a pile of gold.

##...#...h.......
##....#..ph.......
#........QD.......
+......###'#####..
#......#.......#
##.....#.......#
##....#.......#
##...#.......#
#...#......@#
....#.......#
##......# #......#
#......##
#......<#
#.......#
#.......#
#.....###


You could see a fire dragon, a vault guard and a tengu warrior.

Levels and vault maps discovered:
D:1:      tarquinn_simple_flora_water_a, layout_rooms,
          dreamdust_ecumenical_altar_hidden_monk_grotto,
          minmay_indecisive_spiral
D:2:      layout_rooms, serial_forest, infiniplex_forest_straight_5,
          infiniplex_forest_zigzag_1, infiniplex_forest_clump_C,
          infiniplex_forest_lined_room_3, infiniplex_forest_clump_double,
          infiniplex_forest_lined_3, infiniplex_forest_clump_medium,
          infiniplex_forest_lined_1, infiniplex_forest_straight_1,
          infiniplex_forest_side_room, bh_walls_and_bars
D:3:      layout_basic, nzn_hepliaklqana_mist_gate, serial_shops, shop,
          kennysheep_orc_chapel
D:4:      layout_loops_ring
D:5:      layout_cave_pools, nicolae_overflow_hidden_temple,
          minmay_temple_entry_arrows, minmay_starry_boxes, uniq_blork_the_orc
D:6:      layout_rooms, fedhas_altar_1, slow_altar_1
D:7:      layout_basic, bloody_trog, uniq_maggie
D:8:      kennysheep_steamy, layout_rooms, enter_bailey_5,
          gammafunk_ghost_mausoleum
D:9:      layout_stronghold, nicolae_underground_beach
D:10:     layout_small_grid, lemuel_tele_altar, erik_orc_2,
          minmay_fractal_squares_5
D:11:     gammafunk_mikee_crab_dinner, layout_basic, david_lair_shrubbed
D:12:     layout_roguey, ebering_ghost_rock_garden, dk_noncrumbling_4,
          uniq_sonja, uniq_psyche
D:13:     layout_rooms, gammafunk_ghost_door_vault
D:14:     layout_irregular_city, lightli_vaults_fourway_checkpoint,
          gammafunk_ghost_cemetery, kennysheep_big_empty_room,
          serial_bayou_crossing
Temple:   eino_temple_scatter_basement
Lair:1:   layout_chaotic_city, uniq_gastronok
Lair:2:   layout_cave_pods, minmay_swamp_entry_swarm, spider_nest_entry_rubble
Lair:3:   layout_regular_city, columned_hall_lemuel, minmay_holes,
          chequers_serial_rivers_small_3, grunt_megastairs_3
Lair:4:   layout_regular_city, ebering_ghost_disaster_area, basic_altar,
          hangedman_tree_tricks, grunt_megastairs_1
Lair:5:   layout_roguey, minmay_slime_entry_pillars
Lair:6:   gammafunk_lair_ancient_temple, layout_long_grid,
          bobbens_ice_dragon_lair, uniq_rupert
Orc:1:    layout_caves, serial_shops,
          nicolae_shop_temple_entry_statues_fountains
Orc:2:    st_orc_mages, layout_diamond_mine, serial_shops, shop,
          hangedman_minor_magic

Notes
Turn   | Place    | Note
-------+----------+-------------------------------------------
     0 | D:5      | ABBCCCDDDD the Octopode Delver began the quest for the Orb.
     0 | D:5      | Reached XP level 1. HP: 16/16 MP: 1/1
     1 | D:5      | Noticed Blork the orc
    13 | D:5      | Noticed a water moccasin zombie
   292 | D:3      | Found Raef's Antique Weapon Boutique.
   311 | D:3      | Noticed a black bear
   322 | D:3      | Found a hazy altar of Hepliaklqana.
   502 | D:3      | Reached XP level 2. HP: 21/21 MP: 2/2
   719 | D:3      | Reached XP level 3. HP: 26/26 MP: 3/3
  1859 | D:1      | Reached XP level 4. HP: 27/31 MP: 4/4
  1863 | D:1      | Reached skill level 1 in Slings
  2104 | D:1      | Found a faded altar of an unknown god.
  3149 | D:3      | Learned a level 2 spell: Blink
  3165 | D:3      | Learned a level 1 spell: Magic Dart
  3504 | D:4      | Reached XP level 5. HP: 36/36 MP: 5/5
  3563 | D:4      | Reached skill level 1 in Spellcasting
  4300 | D:4      | Learned a level 3 spell: Mephitic Cloud
  4322 | D:5      | Reached XP level 6. HP: 36/42 MP: 8/8
  4411 | D:5      | Reached skill level 1 in Poison Magic
  4483 | D:5      | Reached skill level 1 in Conjurations
  4483 | D:5      | Reached skill level 1 in Air Magic
  4487 | D:5      | Learned a level 1 spell: Apportation
  4501 | D:5      | Noticed an ice beast
  4599 | D:5      | Killed an ice beast
  4700 | D:5      | Reached XP level 7. HP: 46/46 MP: 10/10
  4797 | D:5      | Found a staircase to the Ecumenical Temple.
  4874 | Temple   | Entered the Ecumenical Temple
  4895 | Temple   | Became a worshipper of Gozag Ym Sagoz the Greedy
  5165 | D:5      | Identified the +4 robe "Raifuhal" {+Inv rF- Str+4 Int+3}
  6187 | D:6      | Reached XP level 8. HP: 37/52 MP: 12/12
  6548 | D:6      | Found a snail-covered altar of Cheibriados.
  6562 | D:6      | Reached skill level 5 in Slings
  6640 | D:6      | You fall into a shaft and drop 1 floor!
  6661 | D:7      | Found a bloodstained altar of Trog.
  7015 | D:7      | Reached skill level 1 in Translocations
  7634 | D:6      | Found a blossoming altar of Fedhas.
  7638 | D:6      | Got the Papyrus of Displaced Ignition
  8180 | D:7      | Reached skill level 5 in Poison Magic
  8363 | D:7      | Reached XP level 9. HP: 56/56 MP: 13/13
  8604 | D:7      | Noticed Maggie
  9645 | D:8      | Found a transporter.
  9930 | D:8      | Found a transporter.
  9930 | D:8      | Noticed funkygono's ghost (novice TrFi)
  9964 | D:7      | Reached skill level 5 in Unarmed Combat
 10291 | D:8      | You fall into a shaft and drop 3 floors!
 10298 | D:11     | Noticed a two-headed ogre
 10301 | D:11     | Identified a scroll of acquirement
 10302 | D:11     | Acquired the +2 buckler "Nylaiza" {Drain Dex+6}
 10315 | D:10     | Entered Level 10 of the Dungeon
 10515 | D:11     | Killed a two-headed ogre
 10516 | D:11     | Reached skill level 5 in Fighting
 10516 | D:11     | Reached XP level 10. HP: 66/66 MP: 14/14
 10597 | D:11     | Noticed a two-headed ogre
 10639 | D:11     | Killed a two-headed ogre
 10766 | D:11     | Found a runed translucent door.
 10772 | D:11     | Noticed a fire crab
 11380 | D:11     | Found a staircase to the Lair.
 11574 | D:11     | Noticed a boulder beetle
 12006 | D:10     | Noticed a two-headed ogre
 12042 | D:10     | Killed a two-headed ogre
 12043 | D:10     | Reached skill level 5 in Spellcasting
 12043 | D:10     | Reached XP level 11. HP: 74/74 MP: 18/18
 12087 | D:10     | Reached skill level 10 in Slings
 12495 | D:10     | Learned a level 1 spell: Foxfire
 12659 | D:10     | Reached skill level 1 in Fire Magic
 12830 | D:10     | Found a white marble altar of Elyvilon.
 13400 | D:10     | Reached skill level 1 in Evocations
 13766 | D:10     | Found a staircase to the Orcish Mines.
 14149 | D:10     | Noticed a centaur warrior
 14182 | D:10     | Killed a centaur warrior
 14183 | D:10     | Reached skill level 5 in Conjurations
 16226 | D:8      | Reached XP level 12. HP: 43/82 MP: 21/21
 16620 | D:7      | Identified the +6 dagger "Secsyrup" {freeze, rPois}
 16843 | Lair:1   | Entered Level 1 of the Lair of Beasts
 16917 | Lair:1   | Learned a level 5 spell: Irradiate
 16923 | Lair:1   | Noticed Gastronok
 16959 | Lair:1   | Killed Gastronok
 16960 | Lair:1   | Reached skill level 1 in Transmutations
 17148 | Lair:1   | Reached skill level 2 in Transmutations
 17148 | Lair:1   | Reached skill level 5 in Fire Magic
 17148 | Lair:1   | Reached skill level 5 in Evocations
 18418 | Lair:2   | Reached skill level 3 in Transmutations
 18757 | Lair:2   | Found a hole to the Spider Nest.
 19190 | Lair:2   | Reached skill level 4 in Transmutations
 19530 | Lair:2   | Found a staircase to the Swamp.
 20887 | Lair:3   | Reached skill level 5 in Transmutations
 21370 | Lair:3   | Noticed a five-headed hydra
 21545 | Lair:3   | Killed a five-headed hydra
 21559 | Lair:2   | Reached XP level 13. HP: 66/88 MP: 22/22
 22942 | Lair:4   | Found a large runed translucent door.
 22942 | Lair:4   | Found a large runed translucent door.
 22946 | Lair:4   | Noticed HunfridMar's ghost (journeyman DECj)
 23508 | Lair:4   | Learned a level 6 spell: Statue Form
 23516 | Lair:4   | Found a shimmering altar of Xom.
 23918 | Lair:4   | Found a blossoming altar of Fedhas.
 24902 | Lair:5   | Reached skill level 6 in Transmutations
 24902 | Lair:5   | Reached skill level 1 in Earth Magic
 25525 | Lair:5   | Found a staircase to the Slime Pits.
 25558 | Lair:5   | Reached skill level 7 in Transmutations
 26043 | Lair:6   | Entered Level 6 of the Lair of Beasts
 26860 | Lair:6   | Reached skill level 5 in Earth Magic
 26898 | Lair:6   | Reached skill level 8 in Transmutations
 27599 | Lair:6   | Reached XP level 14. HP: 94/94 MP: 23/23
 27854 | Lair:6   | Identified the +8 trident of Arrival {drain, rCorr}
 27892 | Lair:6   | Reached skill level 9 in Transmutations
 28139 | Lair:6   | Noticed Rupert
 28209 | Lair:6   | Paralysed by Rupert for 7 turns
 28545 | Orc:1    | Entered Level 1 of the Orcish Mines
 28643 | D:10     | Gained mutation: You sometimes lose the ability to read
                  | scrolls when taking damage. [mutagenic glow]
 29668 | Orc:1    | Found Qucvopse's Antique Weapon Shop.
 30166 | Orc:2    | Entered Level 2 of the Orcish Mines
 30243 | Orc:2    | Found Reiciumn's General Store.
 30251 | Orc:2    | Bought a scroll of acquirement for 780 gold pieces
 30251 | Orc:2    | Bought a scroll of identify for 30 gold pieces
 30251 | Orc:2    | Bought a potion of heal wounds for 75 gold pieces
 30251 | Orc:2    | Bought a potion of brilliance for 60 gold pieces
 30251 | Orc:2    | Bought a potion of might for 60 gold pieces
 30252 | Orc:2    | Acquired 1062 gold pieces
 30677 | Orc:2    | Reached skill level 10 in Transmutations
 30910 | Orc:2    | Found Laric's Armour Shop.
 30910 | Orc:2    | Found Jemaerint's Armour Shop.
 30913 | Orc:2    | Found Oteagi Giz's Assorted Antiques.
 30913 | Orc:2    | Found Izen's Armour Boutique.
 31020 | Orc:2    | Bought a lumpy puce potion for 27 gold pieces
 31020 | Orc:2    | Bought a scroll labelled SEDWEU MYARR for 30 gold pieces
 31020 | Orc:2    | Bought a scroll of fear for 105 gold pieces
 31023 | Orc:2    | Bought a +0 hat of see invisible for 154 gold pieces
 31261 | Orc:2    | Identified the +2 robe of Cyrifeff {rPois rN+ Str+4 Dex+4
                  | Stlth-}
 31319 | Orc:2    | Found a staircase to the Elven Halls.
 31347 | Orc:2    | Noticed an orc warlord
 32134 | Orc:2    | Killed an orc warlord
 32632 | D:12     | Found a runed translucent gate.
 32632 | D:12     | Found a runed translucent gate.
 32634 | D:12     | Found a runed translucent gate.
 32634 | D:12     | Noticed YannSP's ghost (adept FoFi)
 32993 | D:12     | Noticed Sonja
 33008 | D:11     | Killed Sonja
 33567 | D:12     | Noticed Psyche
 33631 | D:12     | Found the +9 scales of the Dragon King {rPois rF+ rC+
                  | Will+}
 33741 | D:12     | Killed Psyche
 33854 | D:13     | Found a huge runed gate.
 33854 | D:13     | Found a huge runed gate.
 33854 | D:13     | Found a huge runed gate.
 33854 | D:13     | Found a huge runed gate.
 33861 | D:13     | Found a huge runed gate.
 33861 | D:13     | Found a huge runed gate.
 33861 | D:13     | Found a huge runed gate.
 33861 | D:13     | Found a huge runed gate.
 33861 | D:13     | Found a huge runed gate.
 33913 | D:13     | Found a huge runed gate.
 33913 | D:13     | Found a huge runed gate.
 33913 | D:13     | Found a huge runed gate.
 33913 | D:13     | Found a huge runed gate.
 33913 | D:13     | Found a huge runed gate.
 33913 | D:13     | Found a huge runed gate.
 33913 | D:13     | Found a huge runed gate.
 33913 | D:13     | Found a huge runed gate.
 33913 | D:13     | Found a huge runed gate.
 33913 | D:13     | Found a huge runed gate.
 33923 | D:13     | Found a huge runed gate.
 33939 | D:13     | Found a huge runed gate.
 34034 | D:13     | Reached skill level 11 in Transmutations
 34489 | D:5      | Killed Blork the orc
 34668 | D:7      | Killed Maggie
 35782 | D:13     | Noticed Ined's ghost (journeyman MiBe)
 35782 | D:13     | Noticed Ined's ghost (journeyman MiBe)
 35782 | D:13     | Noticed Iplucs's ghost (journeyman FeBe)
 35782 | D:13     | Noticed Biwio's ghost (journeyman DjCj)
 35782 | D:13     | Noticed Liimbo's ghost (journeyman FoWn)
 35782 | D:13     | Noticed Kiokkeho's ghost (journeyman TrMo)
 35782 | D:13     | Noticed Iplucs's ghost (journeyman FeBe)
 35782 | D:13     | Noticed Dunulur's ghost (journeyman MiFi)
 35782 | D:13     | Noticed a cyan very ugly thing
 35782 | D:13     | Noticed Maxmaps's ghost (adept FoSk)
 35782 | D:13     | Noticed Vext's ghost (journeyman SpEn)
 36322 | D:14     | Reached skill level 10 in Earth Magic
 36341 | D:14     | Shot with a bolt by a tengu warrior

Table legend: (Time is in decaauts)
 A = Elapsed time spent in this place.
 B = Non-inter-level travel time spent in this place.
 C = Inter-level travel time spent in this place.
 D = Time resting spent in this place.
 E = Time spent auto-exploring this place.
 F = Levels seen in this place.
 G = Mean time per level.
                   A        B        C        D        E       F      G
               +--------+--------+--------+--------+--------+-----+--------+
         Total |  36179 |  34164 |   2015 |  11837 |  15380 |  23 | 1573.0 |
       Dungeon |  21530 |  20150 |   1380 |   7071 |   8831 |  14 | 1537.9 |
        Temple |     34 |     25 |      9 |      0 |      9 |   1 |   34.0 |
          Lair |  11624 |  11073 |    551 |   4259 |   5066 |   6 | 1937.3 |
  Orcish Mines |   2990 |   2916 |     74 |    505 |   1474 |   2 | 1495.0 |
               +--------+--------+--------+--------+--------+-----+--------+

Top non-repeatable levels by time:
    D:10: 3527 daAuts
  Lair:2: 3118 daAuts
     D:7: 2679 daAuts
  Lair:5: 2357 daAuts
  Lair:4: 2111 daAuts
     D:5: 1981 daAuts
    D:11: 1972 daAuts
   Orc:2: 1921 daAuts
  Lair:3: 1845 daAuts
    D:12: 1720 daAuts
     D:8: 1514 daAuts
     D:9: 1462 daAuts
     D:3: 1279 daAuts
  Lair:6: 1247 daAuts
     D:4: 1135 daAuts

Table legend:
 A = Kills in this place as a percentage of kills in entire the game.
 B = Kills by you in this place as a percentage of kills by you in the entire game.
 C = Kills by friends in this place as a percentage of kills by friends in the entire game.
 D = Other kills in this place as a percentage of other kills in the entire game.
 E = Experience gained in this place as a percentage of experience gained in the entire game.
 F = Experience gained in this place divided by the number of levels of this place that you have seen.
                   A       B       C       D       E      F
               +-------+-------+-------+-------+-------+----------------------
         Total | 100.0 | 100.0 | 100.0 | 100.0 | 100.0 | 3720.0
       Dungeon |  52.2 |  53.1 |   0.0 |  25.0 |  36.9 | 2257.5
          Lair |  23.6 |  23.5 |  50.0 |  25.0 |  45.7 | 6511.2
  Orcish Mines |  24.2 |  23.3 |  50.0 |  50.0 |  17.4 | 7443.5
               +-------+-------+-------+-------+-------+----------------------

Action                   |  1- 3 |  4- 6 |  7- 9 | 10-12 | 13-15 || total
-------------------------+-------+-------+-------+-------+-------++-------
Melee: Unarmed           |    71 |    81 |   195 |    36 |     2 ||   385
       Constrict         |    16 |    19 |    37 |     2 |       ||    74
       Tentacles         |    13 |    16 |    42 |    16 |     1 ||    88
       Punch             |     2 |     1 |     9 |     4 |       ||    16
 Fire: Fustibalus        |     7 |    52 |   214 |   874 |   998 ||  2145
 Cast: Apportation       |       |     1 |       |       |       ||     1
       Mephitic Cloud    |       |       |    14 |    65 |   139 ||   218
       Blink             |       |       |     3 |     3 |     5 ||    11
       Foxfire           |       |       |       |    94 |    79 ||   173
       Irradiate         |       |       |       |       |    60 ||    60
       Statue Form       |       |       |       |       |     1 ||     1
Invok: Call Merchant     |       |       |       |       |     1 ||     1
 Abil: End Transformatio |       |       |       |       |     1 ||     1
Evoke: Wand              |       |       |     2 |     9 |     9 ||    20
       Phantom mirror    |       |       |       |     1 |     2 ||     3
  Use: Scroll            |       |     1 |     7 |     8 |    11 ||    27
       Potion            |       |       |     9 |       |     1 ||    10
 Stab: Sleeping          |    13 |     7 |       |       |       ||    20
       Distracted        |     1 |       |     3 |       |       ||     4
       Confused          |       |       |     3 |       |       ||     3
Armor: Skin              |     2 |     4 |    48 |    46 |    52 ||   152
Dodge: Dodged            |    37 |    44 |   156 |   134 |   118 ||   489
Block: Buckler           |       |       |       |   152 |   197 ||   349
       Reflection        |       |       |       |       |     7 ||     7

Vanquished Creatures
  Gastronok (Lair:1)
  An orc warlord (Orc:2)
  3 hydras
  2 boulder beetles
  2 centaur warriors
  A tengu warrior (D:13)
  A merfolk avatar (Lair:6)
  5 two-headed ogres
  4 orc high priests (Orc:2)
  Sonja (D:11)
  A lindwurm (Lair:5)
  3 deep elf pyromancers
  2 orc sorcerers (Orc:2)
  5 cyclopes
  2 manticores (Lair:6)
  A black mamba (shapeshifter) (D:14)
  A torpor snail (Lair:5)
  7 black mambas
  3 elephants
  Maggie (D:7)
  7 cane toads
  An unseen horror (D:12)
  Psyche (D:12)
  5 rime drakes
  8 komodo dragons
  4 trolls
  A raiju (shapeshifter) (D:14)
  A jumping spider (Lair:2)
  8 polar bears
  3 slime creatures (Lair:5)
  13 blink frogs
  9 dream sheep
  A snapping turtle (Lair:5)
  A vampire (D:12)
  5 wyverns
  A wraith (D:10)
  51 yaks
  4 basilisks
  11 vampire mosquitoes
  4 steam dragons
  A warg (Orc:1)
  An acid dragon (D:10)
  10 water moccasins
  A swamp drake (Orc:2)
  A meliai simulacrum (D:14)
  A black bear (D:6)
  A sky beast (D:5)
  2 ice beasts
  36 orc warriors
  6 ogres
  7 centaurs
  10 wolves
  2 kobold brigands
  Blork the orc (D:5)
  8 bullfrogs
  2 scorpions
  A water moccasin zombie (D:5)
  A water moccasin skeleton (D:5)
  20 killer bees
  7 wights
  A jelly (Lair:5)
  4 electric eels (D:10)
  A crimson imp (Orc:2)
  3 howler monkeys
  8 centaur zombies
  A bullfrog zombie (D:5)
  2 hounds
  2 gnoll shamans
  32 orc priests
  2 bullfrog skeletons
  2 iguanas
  An iron imp (Orc:2)
  26 orc wizards
  A mummy (D:6)
  9 gnolls
  3 howler monkey zombies
  5 adders
  3 shadow imps
  3 white imps
  An ufetubus (D:4)
  A worm (D:2)
  A dart slug (D:4)
  102 orcs
  4 ball pythons
  10 endoplasms
  2 giant cockroaches
  10 goblins
  8 hobgoblins
  4 jackals (D:3)
  5 quokkas
  3 bats
  6 frilled lizards
  17 kobolds
  A rat (D:2)
589 creatures vanquished.

Vanquished Creatures (collateral kills)
  An elephant (Lair:3)
  An orc (Orc:2)
  8 foxfires (Lair:2)
10 creatures vanquished.

Vanquished Creatures (others)
  A deep elf pyromancer (D:14)
  2 orc wizards
  296 foxfires
  64 fungi
  71 plants
  A withered plant (D:14)
435 creatures vanquished.

Grand Total: 1034 creatures vanquished
